 Dungeon Crawl Stone Soup version 0.29-a0-330-g52719c12eb (webtiles) character file.

Game seed: 11475193139423197365

62 boracarina the Caller (level 4, -2/24 HPs)
             Began as a Tengu Summoner on Apr 25, 2022.
             Slain by Terence
             ... wielding a +0 flail
              (9 damage)
             ... on level 2 of the Dungeon.
             The game lasted 00:05:01 (1748 turns).

boracarina the Caller (Tengu Summoner)              Turns: 1748, Time: 00:05:01

Health: -2/24      AC:  2    Str: 15    XL:     4   Next: 8%
Magic:  0/9        EV: 12    Int: 17    God:
Gold:   72         SH:  0    Dex: 14    Spells: 5/8 levels left

rFire   . . .      SeeInvis .   (no weapon)
rCold   . . .      Faith    .   (no shield)
rNeg    . . .      Spirit   .   a - +0 robe
rPois   .          Reflect  .   (helmet restricted)
rElec   .          Harm     .   (no cloak)
rCorr   .          Rampage  .   (no gloves)
Will    .....                   (boots unavailable)
Stlth   ++........              (no amulet)
HPRegen 0.08/turn               i - +6 ring of strength
MPRegen 0.11/turn               (no ring)

@: no status effects
A: beak, talons 3
a: no special abilities


You were on level 2 of the Dungeon.
You visited 1 branch of the dungeon, and saw 2 of its levels.

You collected 72 gold pieces.

Inventory:

Hand Weapons
 h - a +0 spear
Armour
 a - a +0 robe (worn)
Jewellery
 i - a +6 ring of strength (left hand)
Scrolls
 c - 2 scrolls of vulnerability {unknown}
 d - a scroll of blinking {unknown}
 e - 2 scrolls of teleportation {unknown}
 g - a scroll of identify {unknown}
Potions
 b - a potion of magic
 f - 2 potions of heal wounds {unknown}
 j - a potion of curing {unknown}
 k - a potion of might {unknown}
 l - a potion of berserk rage {unknown}


   Skills:
 - Level 2.3 Dodging
 + Level 3.0 Stealth
 + Level 2.7 Spellcasting
 + Level 5.4 Summonings


You had 5 spell levels left.
You knew the following spells:

 Your Spells              Type           Power      Damage    Failure   Level
a - Summon Small Mammal   Summ           80%        N/A       1%          1
b - Call Imp              Summ           20%        N/A       3%          2

Your spell library contained the following spells:

 Spells                   Type           Power      Damage    Failure   Level
 Call Canine Familiar     Summ           20%        N/A       6%          3
 Summon Guardian Golem    Hex/Summ       11%        N/A       17%         3
 Magic Dart               Conj           8%         1d3       19%         1
 Mephitic Cloud           Conj/Pois/Air  2%         N/A       47%         3
 Summon Lightning Spire   Summ/Air       11%        N/A       50%         4


Dungeon Overview and Level Annotations

Branches:
Dungeon (2/15)

Altars:

Annotations:
D:2 Terence


Innate Abilities, Weirdness & Mutations

You have a beak for a mouth.
You have claws for feet.


Message History

Things that are here:
a +0 dagger; a +0 robe; the human corpse of Jessica Terence the Incautious comes into view.
He is wielding a +0 flail.
Terence shouts!
Terence asks, "Do you want it fast or slow?"
Casting: Summon Small Mammal (safe; 1% risk of failure)
Confirm with . or Enter, or press ? or * to list all spells.
A beastly little devil appears in a puff of flame.
Casting: Call Imp (safe; 3% risk of failure)
Confirm with . or Enter, or press ? or * to list all spells.
A beastly little devil appears in a puff of flame.
Your crimson imp disappears in a puff of smoke!
Casting: Call Imp (safe; 3% risk of failure)
Confirm with . or Enter, or press ? or * to list all spells.
A beastly little devil appears in a puff of flame.
Your crimson imp disappears in a puff of smoke!
Terence hits you with a +0 flail!
Casting: Call Imp (safe; 3% risk of failure)
Confirm with . or Enter, or press ? or * to list all spells.
A beastly little devil appears in a puff of frigid air.
Your crimson imp disappears in a puff of smoke!
Terence hits you with a +0 flail!
A rat comes into view.
Your white imp hits Terence but does no damage.
Terence attacks as you move away! Terence barely misses you.
Terence bares his teeth.
Your white imp gestures at Terence.
The puff of frost hits Terence.
Your white imp gestures at Terence.
The puff of frost hits Terence but does no damage.
The rat barely misses your white imp. Terence attacks as you move away!
Terence hits you with a +0 flail.
* * * LOW HITPOINT WARNING * * *
Casting: Call Imp (safe; 3% risk of failure)
Confirm with . or Enter, or press ? or * to list all spells.
Terence misses you.
Casting: Summon Small Mammal (safe; 1% risk of failure)
Confirm with . or Enter, or press ? or * to list all spells.
Terence hits you with a +0 flail!
You die...

..........####.######...#
#.........# #.# ####...
#<........# #.###....#
#.........####..##....#
#..........[....##....#
#..........##.........#
#.............r.##....#
#.........#####r.#....#
#######.### #.@#....####.
.# #..@5r.$....#
#.#########..# ### ..


You could see Terence (ally target), a rat, a friendly white imp (summoned) and
2 friendly rats.

Vanquished Creatures
  A ball python (D:1)
  2 goblins (D:1)
  A kobold (D:1)
4 creatures vanquished.

Vanquished Creatures (collateral kills)
  Jessica (D:2)
  An adder (D:2)
  A dart slug (D:1)
  A bat (D:1)
  An endoplasm (D:1)
  A giant cockroach (D:2)
  2 goblins (D:1)
  A hobgoblin (D:1)
  A quokka (D:2)
  5 ball pythons
  2 frilled lizards (D:1)
  3 kobolds (D:1)
  A rat (D:1)
  A spectral kobold (D:1)
22 creatures vanquished.

Grand Total: 26 creatures vanquished

Notes
Turn   | Place    | Note
-------+----------+-------------------------------------------
     0 | D:1      | boracarina the Tengu Summoner began the quest for the Orb.
     0 | D:1      | Reached XP level 1. HP: 10/10 MP: 4/4
   517 | D:1      | Reached XP level 2. HP: 11/15 MP: 3/6
   608 | D:1      | Found a faded altar of an unknown god.
   619 | D:1      | Reached skill level 5 in Summonings
   737 | D:1      | Learned a level 2 spell: Call Imp
  1555 | D:2      | Reached XP level 3. HP: 19/19 MP: 2/7
  1624 | D:2      | Noticed Jessica
  1632 | D:2      | Killed Jessica
  1672 | D:2      | Reached XP level 4. HP: 24/24 MP: 7/9
  1737 | D:2      | Noticed Terence
  1748 | D:2      | Slain by Terence

Illustrated notes

Levels and vault maps discovered:
D:1:      heliophobic_arrival_ceremonial_halls, layout_basic,
          dreamdust_ecumenical_altar_drowned_temple
D:2:      mumra_celtic_spiral_tile, layout_rooms, uniq_terence, uniq_jessica,
          uniq_crazy_yiuf_cottage

Skill      XL: |  1  2  3 |
---------------+----------+-----
Summonings     | 5 |  5.4
Stealth        | 3 |  3.0
Dodging        | |  2.3
Spellcasting   | |  2.7

Action                   |  1- 3 |  4- 6 || total
-------------------------+-------+-------++-------
Melee: Unarmed           |    15 |       ||    15
       Kick              |     3 |       ||     3
       Peck              |     1 |       ||     1
 Cast: Summon Small Mamm |    20 |     2 ||    22
       Call Imp          |    14 |     4 ||    18
 Stab: Sleeping          |     1 |       ||     1
Armor: Robe              |    17 |       ||    17
Dodge: Dodged            |    34 |     2 ||    36

Table legend: (Time is in decaauts)
 A = Elapsed time spent in this place.
 B = Non-inter-level travel time spent in this place.
 C = Inter-level travel time spent in this place.
 D = Time resting spent in this place.
 E = Time spent auto-exploring this place.
 F = Levels seen in this place.
 G = Mean time per level.
                   A        B        C        D        E       F      G
               +--------+--------+--------+--------+--------+-----+--------+
         Total |   1748 |   1712 |     36 |      0 |   1370 |   2 |  874.0 |
       Dungeon |   1748 |   1712 |     36 |      0 |   1370 |   2 |  874.0 |
               +--------+--------+--------+--------+--------+-----+--------+

Top non-repeatable levels by time:
     D:1: 1531 daAuts
     D:2: 217 daAuts
